 Seeded DCSS version 0.31-a0-339-gda1cbd555d (webtiles) character file.

Game seed: 17599932829422569257 (custom seed)

2158 bmack86 the Cleaver (level 9, 0/70 HPs)
             Began as a Minotaur Fighter on July 21, 2023.
             Was an Initiate of Gozag.
             Engulfed by a steam dragon's steam (4 damage)
             ... on level 7 of the Dungeon.
             The game lasted 00:15:42 (5602 turns).

bmack86 the Cleaver (Minotaur Fighter)              Turns: 5602, Time: 00:15:43

Health: 0/70       AC:  8    Str: 30    XL:     9   Next: 10%
Magic:  8/8        EV:  7    Int:  5    God:    Gozag
Gold:   29         SH:  4    Dex: 11    Spells: 8/8 levels left

rFire   . . .        a - +0 war axe
rCold   . . .        c - +0 buckler
rNeg    . . .        F - +0 plate armour
rPois   .            (helmet restricted)
rElec   .            g - scarf {repulsion}
rCorr   .            q - +0 pair of gloves
SInv    .            (no boots)
Will    .....        (no amulet) Stlth
                     M - ring of Shadows {Umbra +Inv Stlth+}
HPRegen 0.31/turn    l - +6 ring of strength
MPRegen 0.11/turn

%: repel missiles
@: corroded, gold aura, wreathed by umbra
A: horns 2, retaliatory headbutt
a: Renounce Religion, Evoke Invisibility, Potion Petition, Call Merchant, Bribe
Branch


You were on level 7 of the Dungeon.
You worshipped Gozag.
Gozag was noncommittal.
You visited 2 branches of the dungeon, and saw 8 of its levels.
You also visited: Sewer.

You collected 391 gold pieces.
You spent 255 gold pieces at shops.
You paid 107 gold pieces to Gozag.

Inventory:

Hand Weapons
 a - a +0 war axe (weapon)
Missiles
 w - 7 boomerangs (quivered)
 H - 3 silver boomerangs
Armour
 b - a +0 scale mail
 c - a +0 buckler (worn)
 g - a scarf of repulsion (worn)
 q - a +0 pair of gloves (worn)
 t - a +0 cloak of poison resistance
 v - a +0 cloak
 F - a +0 plate armour (worn)
Jewellery
 e - an amulet of faith
 h - a ring of poison resistance
 l - a +6 ring of strength (right hand)
 I - a ring of positive energy
 M - the ring of Shadows (left hand) {Umbra +Inv Stlth+}
   (You found it on level 7 of the Dungeon)

   [ring of stealth]

   Umbra:     It surrounds you with an aura of shadow, increasing your stealth
   and reducing the accuracy of all others within it.
   +Inv:      It lets you turn invisible.
   Stlth:     It makes you more stealthy.
Wands
 f - a wand of polymorph (6)
Scrolls
 j - a scroll of fear {unknown}
 m - a scroll of vulnerability {unknown}
 o - 3 scrolls of teleportation
 p - a scroll of brand weapon {unknown}
 s - 2 scrolls of poison {unknown}
 x - a scroll of noise {unknown}
 y - 2 scrolls of amnesia {unknown}
 A - a scroll of enchant weapon {unknown}
 B - 2 scrolls of enchant armour {unknown}
 C - a scroll of torment {unknown}
 D - a scroll of blinking {unknown}
 L - a scroll of fog {unknown}
Potions
 d - 2 potions of might
 i - 4 potions of curing
 k - 3 potions of magic
 n - 3 potions of haste
 r - a potion of ambrosia
 u - 2 potions of mutation
 z - 2 potions of resistance
 E - 2 potions of attraction
 J - 2 potions of brilliance
 K - a potion of lignification


   Skills:
 - Level 3.6 Fighting
 + Level 14.3 Axes
 - Level 3.6 Armour
 - Level 3.6 Shields


You had 8 spell levels left.
You didn't know any spells.
Your spell library contained the following spells:

 Spells                   Type           Power      Damage    Failure   Level
 Blink                    Tloc           0%         N/A       100%        2
 Dazzling Flash           Conj/Hex       0%         N/A       100%        3
 Manifold Assault         Tloc           0%         N/A       100%        4
 Agony                    Necr           0%         N/A       100%        5
 Silence                  Hex/Air        0%         N/A       100%        5


Dungeon Overview and Level Annotations

Branches:
Dungeon (7/15)             Temple (1/1) D:6           Sewer (visited)

Altars:
Ashenzari
Cheibriados
Dithmenos
Elyvilon
Fedhas
Gozag
Hepliaklqana
Kikubaaqudgha
Makhleb
Nemelex Xobeh
Okawaru
Qazlal
Ru
Sif Muna
Trog
Uskayaw
Vehumet
Wu Jian
Xom
Yredelemnul
Zin
The Shining One

Shops:
D:1 *   D:2 =?=:*


Innate Abilities, Weirdness & Mutations

You have a pair of horns on your head.
You reflexively headbutt those who attack you in melee.


Message History

The steam dragon is heavily wounded.
You barely miss the steam dragon.
The jelly quivers.
The steam dragon bites you but does no damage.
The steam dragon claws you but does no damage.
The steam dragon barely misses you. You furiously retaliate!
You headbutt the steam dragon. The steam dragon claws you.
* * * LOW HITPOINT WARNING * * *
You feel much better. The steam dragon bites you!
The steam dragon barely misses you. The steam dragon breathes steam at you.
The ball of steam hits you!!
* * * LOW HITPOINT WARNING * * *
The ball of steam hits the steam dragon.
The steam dragon resists.
You block the steam dragon's attack.
The steam dragon claws you but does no damage.
You feel much better.
You are engulfed in a cloud of scalding steam.
* * * LOW HITPOINT WARNING * * *
The steam dragon bites you.
* * * LOW HITPOINT WARNING * * *
The steam dragon claws you.
* * * LOW HITPOINT WARNING * * *
The steam dragon closely misses you. The steam dragon claws you.
* * * LOW HITPOINT WARNING * * *
You slash the two-headed ogre! You headbutt the two-headed ogre.
The two-headed ogre is moderately wounded.
You closely miss the steam dragon. x2
You are engulfed in a cloud of scalding steam.
The steam dragon bites you.
* * * LOW HITPOINT WARNING * * *
You block the steam dragon's attack.
The steam dragon bites you but does no damage.
The steam dragon claws you but does no damage.
You slash the two-headed ogre! You headbutt the two-headed ogre!
The two-headed ogre is severely wounded.
You hit the steam dragon. x2
You are engulfed in a cloud of scalding steam.
You die...
Your body crumbles into a pile of gold.

.. .. #. ###
##. ....#..
#....## #####
#.ยง####...#
##.D......#
###.D@.....#
#.....OD...#
#..........#
#..........#
##.........##
#..........#...
##....<.......#
#.......##..##
##......# #...


You could see a two-headed ogre and 3 steam dragons.

Vanquished Creatures
  Grinder (D:3)
  Sigmund (D:5)
  A vampire (D:6)
  Edmund (D:5)
  Duvessa (D:6)
  A water moccasin (Sewer)
  An ice beast (D:5)
  2 ogres
  A phantom (D:5)
  3 bullfrogs
  Dowan (D:6)
  A howler monkey (D:5)
  4 jellies
  3 orc priests
  Crazy Yiuf (D:2)
  2 hounds (D:6)
  An iron imp (D:4)
  An iguana (D:4)
  A mummy (D:4)
  16 gnolls
  10 adders
  2 shadow imps (D:6)
  A white imp (D:6)
  A worm (D:2)
  3 dart slugs
  9 orcs
  6 ball pythons
  6 bats
  7 endoplasms
  9 giant cockroaches
  8 goblins
  6 hobgoblins
  3 jackals (Sewer)
  6 quokkas
  3 frilled lizards
  2 hobgoblin zombies (D:4)
  5 kobolds
  2 orc zombies (D:4)
  8 rats
141 creatures vanquished.

Notes
Turn   | Place    | Note
-------+----------+-------------------------------------------
     0 | D:1      | bmack86 the Minotaur Fighter began the quest for the Orb.
     0 | D:1      | Reached XP level 1. HP: 19/19 MP: 0/0
   107 | D:1      | Reached skill level 3 in Axes
   113 | D:1      | Reached XP level 2. HP: 24/26 MP: 1/1
   142 | D:1      | Found Qompe's Assorted Antiques.
   267 | D:1      | Reached skill level 4 in Axes
   502 | D:1      | Reached XP level 3. HP: 28/31 MP: 2/2
   662 | D:2      | Found Jinyib's Assorted Antiques.
   742 | D:2      | Found Somenuom's Book Shoppe.
   757 | D:2      | Found Miuvuno's Magic Scroll Boutique.
   813 | D:2      | Reached skill level 5 in Axes
   817 | D:2      | Reached XP level 4. HP: 20/39 MP: 3/3
  1011 | D:2      | Found Hemosh's Jewellery Shoppe.
  1148 | D:2      | Reached skill level 6 in Axes
  1182 | D:2      | Found Losaich's Jewellery Shop.
  1533 | D:3      | Reached XP level 5. HP: 45/45 MP: 4/4
  1552 | D:3      | Found a glowing drain.
  1556 | Sewer    | Entered a sewer
  1619 | Sewer    | Noticed a water moccasin
  1630 | Sewer    | Killed a water moccasin
  1631 | Sewer    | Reached skill level 7 in Axes
  1882 | D:3      | Reached XP level 6. HP: 20/51 MP: 5/5
  2246 | D:3      | Noticed Grinder
  2259 | D:3      | Paralysed by Grinder for 2 turns
  2281 | D:3      | Paralysed by Grinder for 3 turns
  2285 | D:3      | Killed Grinder
  2286 | D:3      | Reached skill level 8 in Axes
  2686 | D:4      | Reached skill level 9 in Axes
  2954 | D:4      | Reached XP level 7. HP: 57/57 MP: 6/6
  3002 | D:4      | Found a snail-covered altar of Cheibriados.
  3285 | D:4      | Found a broken altar of Ashenzari.
  3285 | D:4      | Found a hide-covered altar of Uskayaw.
  3292 | D:4      | Reached skill level 10 in Axes
  3400 | D:4      | Found a shadowy altar of Dithmenos.
  3401 | D:4      | Found a glowing silver altar of Zin.
  3401 | D:4      | Found a burning altar of Makhleb.
  3401 | D:4      | Found a shimmering altar of Xom.
  3401 | D:4      | Found a bloodstained altar of Trog.
  3404 | D:4      | Found a basalt altar of Yredelemnul.
  3532 | D:5      | Entered Level 5 of the Dungeon
  3555 | D:5      | Noticed Sigmund
  3568 | D:5      | Killed Sigmund
  3574 | D:5      | Reached skill level 11 in Axes
  3618 | D:5      | Found a sparkling altar of Nemelex Xobeh.
  3751 | D:5      | Reached XP level 8. HP: 57/64 MP: 7/7
  4007 | D:5      | Noticed Edmund
  4014 | D:5      | Killed Edmund
  4015 | D:5      | Reached skill level 12 in Axes
  4662 | D:6      | Reached skill level 13 in Axes
  4761 | D:6      | Noticed Dowan
  4761 | D:6      | Noticed Duvessa
  4776 | D:6      | Killed Duvessa
  4782 | D:6      | Killed Dowan
  4866 | D:6      | Reached skill level 14 in Axes
  4866 | D:6      | Reached XP level 9. HP: 60/70 MP: 8/8
  4914 | D:6      | Found a staircase to the Ecumenical Temple.
  4926 | Temple   | Entered the Ecumenical Temple
  4957 | Temple   | Became a worshipper of Gozag Ym Sagoz the Greedy
  5165 | D:1      | Bought a brown potion for 21 gold pieces
  5165 | D:1      | Bought a fizzy orange potion for 21 gold pieces
  5165 | D:1      | Bought a scroll labelled POYKOI BAFFAE for 24 gold pieces
  5165 | D:1      | Bought a black potion for 21 gold pieces
  5165 | D:1      | Bought a glowing pink potion for 21 gold pieces
  5165 | D:1      | Bought 3 scrolls labelled AXUCUE CYSTEECS for 72 gold
                  | pieces
  5310 | D:2      | Bought a scroll labelled JAENLA BOPLI for 25 gold pieces
  5310 | D:2      | Bought a scroll labelled HEH UPSEERUOTI for 25 gold pieces
  5310 | D:2      | Bought a scroll labelled HIGITOMMUM for 25 gold pieces
  5443 | D:2      | Found a runed translucent door.
  5444 | D:2      | Noticed Crazy Yiuf
  5450 | D:2      | Killed Crazy Yiuf
  5556 | D:7      | Found the ring of Shadows {Umbra +Inv Stlth+}
  5593 | D:7      | Noticed a two-headed ogre
  5599 | D:7      | HP: 2/70 [steam dragon/ball of steam (20)]
  5602 | D:7      | Engulfed by a steam dragon's steam

Illustrated notes

Levels and vault maps discovered:
D:1:      wander_arrival_peaceful_grave, layout_rooms, serial_shops,
          nicolae_shop_tiny_waterfront, roderic_nine_men_s_morris,
          minmay_misc_feat_square, nicolae_twisty_statue_hallways
D:2:      layout_basic, serial_shops, shop, shop, shop, shop,
          nicolae_shop_trees, uniq_crazy_yiuf_cottage
D:3:      layout_loops_ring, gup_sewer_entry_spiral, moated_statue,
          grunt_decor_arrowhead, uniq_grinder
D:4:      layout_cave_pools, slow_altar_2, minitemple, minmay_mini_ossuary
D:5:      layout_loops_corners, mainiacjoe_overflow_small_starburst,
          uniq_edmund, uniq_sigmund
D:6:      layout_cave_pools, minmay_temple_entry_glass, uniq_duvessa
D:7:      layout_cave_pods, minmay_shop_grid_forest, uniq_joseph
Temple:   nicolae_temple_hex_pool

Skill      XL: |  1  2  3  4  5  6  7  8 |
---------------+-------------------------+-----
Axes           | 3 4 5 6 7 9 11 14 | 14.3
Fighting       | |  3.6
Armour         | |  3.6
Shields        | |  3.6

Action                     |  1- 3 |  4- 6 |  7- 9 || total
---------------------------+-------+-------+-------++-------
  Melee: War axe           |    77 |   119 |   152 ||   348
         Headbutt          |     9 |     9 |    27 ||    45
    Use: Potion            |       |     1 |     2 ||     3
         Scroll            |       |       |    11 ||    11
 Armour: Scale mail        |    37 |    80 |    26 ||   143
         Plate armour      |       |       |    35 ||    35
  Dodge: Dodged            |    55 |    71 |    54 ||   180
         Repelled          |       |     1 |     1 ||     2
  Block: Buckler           |    12 |    42 |    31 ||    85

Table legend: (Time is in decaauts)
 A = Elapsed time spent in this place.
 B = Non-inter-level travel time spent in this place.
 C = Inter-level travel time spent in this place.
 D = Time resting spent in this place.
 E = Time spent auto-exploring this place.
 F = Levels seen in this place.
 G = Mean time per level.
                   A        B        C        D        E       F      G
               +--------+--------+--------+--------+--------+-----+--------+
         Total |   5691 |   5110 |    581 |    424 |   3099 |   9 |  632.3 |
       Dungeon |   5426 |   4867 |    559 |    363 |   3051 |   7 |  775.1 |
        Temple |     54 |     32 |     22 |      0 |      0 |   1 |   54.0 |
         Sewer |    210 |    210 |      0 |     61 |     48 |   1 |  210.0 |
               +--------+--------+--------+--------+--------+-----+--------+

Top non-repeatable levels by time:
     D:3: 1268 daAuts
     D:2: 1114 daAuts
     D:5: 1095 daAuts
     D:4: 740 daAuts
     D:1: 717 daAuts
     D:6: 448 daAuts
   Sewer: 210 daAuts
  Temple: 54 daAuts
     D:7: 42 daAuts
